AoeStats
← eNZo STaR

Arabian Desert

509653995Analyzed
1v1 RM · 3d ago on Sep 27, 2026· 38m 33s· 2 players
Game mode
Random Map
Map size
Tiny (2 player)
Population
200
Speed
Normal
Resources
Standard
Victory
Conquest
Starting age
Dark Age
Ending age
Imperial Age
RankedLock teamsTeams togetherTeam positionsShared explorationLock speedFull tech treeHidden civsTurbo modeCheats
Victory
Defeat
🇪🇸 Magyars · Spain
1262
+16
🇺🇸 Varangians · United States
1262
-16
eNZo STaR
2:23 Loom
11:19 Feudal Age
12:07 Double-Bit Axe
15:40 Wheelbarrow
16:59 Fletching
20:55 Castle Age
20:28 Padded Archer Armor
20:58 Scale Barding Armor
22:22 Bloodlines
32:58 Imperial Age
30:16 Town Watch
32:35 Ballistics
32:51 Chain Barding Armor
33:06 Bodkin Arrow
33:37 Thumb Ring
33:39 Cavalier
36:24 Hand Cart
36:10 Town Patrol
37:37 Chemistry
37:55 Husbandry
38:31 Plate Barding Armor
38:33 Parthian Tactics
domiNate32
6:06 Loom
12:15 Feudal Age
14:19 Double-Bit Axe
19:31 Castle Age
18:00 Fletching
19:11 Scale Barding Armor
22:12 Horse Collar
24:57 Bow Saw
24:51 Heavy Plow
26:54 Forging
26:43 Bodkin Arrow
27:33 Scale Mail Armor
35:59 Imperial Age
33:17 Town Watch
33:47 Squires
33:33 Arson
35:07 Chain Mail Armor
35:57 Iron Casting
39:37 Blast Furnace
Connection lost

Rejoining the realm…

Still unreachable

The connection could not be restored.

Session expired

The server has moved on; the page needs a fresh start.